 Dungeon Crawl Stone Soup version 0.30-a0-241-g1121274140 (webtiles) character file.

Game seed: 9425779526081479638

8467 qw the Cleaver (level 11, -4/71 HPs)
             Began as a Gargoyle Fighter on Oct 10, 2022.
             Was a Believer of Okawaru.
             Killed from afar by a molten gargoyle (17 damage)
             ... with a bolt of magma
             ... on level 2 of the Lair of Beasts.
             The game lasted 00:03:20 (8491 turns).

qw the Cleaver (Gargoyle Fighter)                   Turns: 8491, Time: 00:03:21

Health: -4/71      AC: 25    Str: 29    XL:     11   Next: 31%
Magic:  14/14      EV:  9    Int:  8    God:    Okawaru [**....]
Gold:   441        SH:  6    Dex:  9    Spells: 10/10 levels left

rFire   + + .      SeeInvis .    Y - +2 war axe (flame)
rCold   . . .      Faith    .    c - +0 buckler
rNeg    + + .      Spirit   .    r - +0 plate armour
rPois   inf        Reflect  .    (no helmet)
rElec   +          Harm     .    (no cloak)
rCorr   .          Rampage  .    (no gloves)
Will    .....                    p - +1 pair of boots "Veif" {rF+ rN+ Str+4}
Stlth   ..........               q - amulet of regeneration
HPRegen 1.11/turn                s - ring of protection from fire
MPRegen 0.14/turn                (no ring)

@: about to teleport, heroic
A: sickness immunity, AC +8, negative energy resistance 1, electricity
resistance, torment resistance 1, petrification resistance
a: Renounce Religion, Heroism


You were on level 2 of the Lair of Beasts.
You worshipped Okawaru.
Okawaru was pleased with you.
You visited 3 branches of the dungeon, and saw 13 of its levels.

You collected 531 gold pieces.
You spent 90 gold pieces at shops.


Innate Abilities, Weirdness & Mutations

You are immune to sickness and miasma.
Your stone body is resilient. (AC +8)
You are immune to poison.
You resist negative energy. (rN+)
You are resistant to electric shocks. (rElec)
You are resistant to unholy torment.
You are immune to petrification.


   Skills:
 - Level 9.0(14.0) Fighting
 + Level 11.9(16.9) Axes
 - Level 2.4(7.4) Throwing
 - Level 7.0(12.0) Armour
 - Level 2.0(7.0) Dodging
 - Level 5.0(10.0) Shields
 - Level 4.0 Invocations


You had 10 spell levels left.
You didn't know any spells.
Your spell library was empty.

Inventory:

Hand Weapons
 Y - a +2 war axe of flaming (weapon)
Missiles
 g - a silver boomerang (quivered)
 k - 4 boomerangs
Armour
 c - a +0 buckler (worn)
 m - +0 acid dragon scales
 p - the +1 pair of boots "Veif" (worn) {rF+ rN+ Str+4}
   (You found it on level 6 of the Dungeon)

   Str:       It affects your strength (+4).
   rF:        It protects you from fire.
   rN:        It protects you from negative energy.
 r - a +0 plate armour (worn)
Jewellery
 q - an amulet of regeneration (around neck)
 s - a ring of protection from fire (left hand)
Scrolls
 e - 6 scrolls of teleportation
 i - 3 scrolls of identify
Potions
 a - 3 potions of haste
 d - 3 potions of might
 f - a potion of cancellation
 h - 2 potions of lignification
 j - 6 potions of curing
 l - 2 potions of attraction
 o - a potion of mutation

Dungeon Overview and Level Annotations

Branches:
Dungeon (10/15)            Temple (1/1) D:4            Lair (1/5) D:10
    Orc (0/2) D:10

Altars:
Ashenzari
Cheibriados
Dithmenos
Elyvilon
Fedhas
Gozag
Hepliaklqana
Kikubaaqudgha
Makhleb
Nemelex Xobeh
Okawaru
Qazlal
Ru
Sif Muna
Trog
Uskayaw
Vehumet
Wu Jian
Xom
Yredelemnul
Zin
The Shining One

Shops:
D:4 =


Message History

The molten gargoyle is lightly damaged.
You block the molten gargoyle's attack.
You hit the molten gargoyle but do no damage.
The molten gargoyle is lightly damaged.
You completely miss the wyvern. The wyvern closely misses you.
You hit the molten gargoyle but do no damage.
The molten gargoyle is lightly damaged.
You hit the wyvern. You burn the wyvern. The wyvern bites you.
The molten gargoyle closely misses you.
You hit the wyvern but do no damage.
The wyvern is moderately wounded.
You closely miss the molten gargoyle. The wyvern barely misses you.
You block the molten gargoyle's attack.
You closely miss the wyvern.
The wyvern is moderately wounded.
You hit the molten gargoyle but do no damage.
The wyvern barely misses you.
The molten gargoyle blasts magma at you!
The bolt of magma misses you.
You barely miss the wyvern.
The wyvern is moderately wounded.
You closely miss the molten gargoyle. The wyvern closely misses you.
You slash the wyvern! You burn the wyvern.
You kill the wyvern!
Okawaru accepts your kill.
You hit the molten gargoyle but do no damage.
The molten gargoyle blasts magma at you!
The bolt of magma hits you! You partially resist.
8490 ||| READING 7 scrolls of teleportation.
As you read the scroll of teleportation, it crumbles to dust.
You feel strangely unstable.
The molten gargoyle blasts magma at you!
The bolt of magma hits you. You partially resist.
You completely miss the molten gargoyle.
The molten gargoyle is lightly damaged.
The molten gargoyle blasts magma at you!
The bolt of magma hits you! You partially resist.
You die...

~~...........
#~...........
~####¤.¤........#
~~~~~~...........
~~~~~~..........#
¤~¤¤~~..........#
¤~~~¤¤9..%......#
~~~~¤~.@^........
~~~~~~...........
¤¤¤¤~¤...%......#
¤~¤¤¤~..........#
~~¤¤~¤...........
.................
.................
..#####........./
#..........


You could see a molten gargoyle.

Vanquished Creatures
  A cane toad (Lair:2)
  A troll (D:9)
  3 hornets
  Grinder (D:5)
  3 blink frogs (Lair:2)
  2 wraiths
  3 wyverns
  2 steam dragons
  10 yaks
  3 wargs (D:10)
  2 acid dragons
  2 water moccasins
  Duvessa (D:5)
  3 black bears
  2 sky beasts
  An ogre (D:5)
  4 centaurs (D:9)
  A phantom (D:6)
  A kobold brigand (D:9)
  5 bullfrogs
  4 necrophages
  2 scorpions
  9 wights
  Dowan (D:5)
  5 killer bees (D:9)
  A howler monkey (D:9)
  5 orc priests
  2 hounds
  6 iguanas
  11 orc wizards
  6 adders
  4 gnolls
  A white imp (D:5)
  An ufetubus (D:5)
  2 dart slugs
  2 worms
  38 orcs
  8 ball pythons
  8 endoplasms
  4 giant cockroaches
  8 goblins
  13 hobgoblins
  7 jackals
  5 quokkas
  4 bats
  3 frilled lizards
  13 kobolds
  8 rats
232 creatures vanquished.

Notes
Turn   | Place    | Note
-------+----------+-------------------------------------------
     0 | D:1      | qw the Gargoyle Fighter began the quest for the Orb.
     0 | D:1      | Reached XP level 1. HP: 14/14 MP: 1/1
     0 | D:1      | 0 ||| qw: Version: 0.2-a-17-g06abaee
     0 | D:1      | 0 ||| qw: Game counter: 2377
     0 | D:1      | 0 ||| qw: Always use a shield: true
     0 | D:1      | 0 ||| qw: God list: Okawaru
     0 | D:1      | 0 ||| qw: Allow faded altars: false
     0 | D:1      | 0 ||| qw: Do Orc after D:15 true
     0 | D:1      | 0 ||| qw: Do second Lair branch before Depths: true
     0 | D:1      | 0 ||| qw: Lair rune preference: random
     0 | D:1      | 0 ||| qw: Plans: Normal, Zot:1-4, God:TSO, Crypt, Tomb,
                  | Pan, Slime:5, Hells, Abyss, Orb
     0 | D:1      | 0 ||| PLANNING D:1-11
    49 | D:1      | 49 ||| Stepping ~*~*~tactically~*~*~ (stealth).
    51 | D:1      | 51 ||| Stepping ~*~*~tactically~*~*~ (hiding).
    63 | D:1      | Reached skill level 2 in Axes
   136 | D:1      | Reached XP level 2. HP: 19/19 MP: 2/2
   453 | D:1      | 453 ||| DROPPING +0 club.
   568 | D:1      | Reached skill level 3 in Axes
   620 | D:1      | Reached XP level 3. HP: 21/23 MP: 3/3
  1011 | D:1      | Found a faded altar of an unknown god.
  1089 | D:1      | 1089 ||| READING scroll labelled IDEOSK GUAMEODAROBB.
  1090 | D:1      | 1090 ||| DROPPING +0 mace.
  1091 | D:1      | 1091 ||| READING scroll labelled JIUGIT PERGHIE.
  1106 | D:1      | 1106 ||| READING scroll labelled WIAMAJ UNOON.
  1107 | D:1      | 1107 ||| READING scroll labelled POCKUR QEXTEAD.
  1147 | D:2      | 1147 ||| Stepping ~*~*~tactically~*~*~ (stealth).
  1148 | D:2      | 1148 ||| Stepping ~*~*~tactically~*~*~ (stealth).
  1161 | D:2      | 1161 ||| Stepping ~*~*~tactically~*~*~ (stealth).
  1217 | D:2      | 1217 ||| Stepping ~*~*~tactically~*~*~ (stealth).
  1263 | D:2      | Found a sparkling altar of Nemelex Xobeh.
  1282 | D:2      | 1282 ||| Stepping ~*~*~tactically~*~*~ (stealth).
  1294 | D:2      | 1294 ||| Stepping ~*~*~tactically~*~*~ (stealth).
  1404 | D:2      | Reached XP level 4. HP: 28/28 MP: 4/4
  1411 | D:2      | Identified the +12 halberd of Esyill {holy, rN+}
  1471 | D:2      | 1471 ||| Stepping ~*~*~tactically~*~*~ (stealth).
  1473 | D:2      | 1473 ||| Stepping ~*~*~tactically~*~*~ (stealth).
  1549 | D:2      | Reached skill level 4 in Axes
  1620 | D:2      | 1620 ||| READING 4 scrolls labelled EPAGHU RIDOUHY.
  1621 | D:2      | 1621 ||| READING scroll labelled MELAUDWOSK.
  1626 | D:2      | 1626 ||| DRINKING 2 blue potions.
  1627 | D:2      | 1627 ||| DRINKING 2 murky silvery potions.
  1728 | D:2      | 1728 ||| DRINKING 2 silvery potions.
  1729 | D:2      | 1729 ||| READING 3 scrolls of identify.
  1729 | D:2      | 1729 ||| IDENTIFYING cyan potion
  1730 | D:2      | 1730 ||| READING 2 scrolls of identify.
  1730 | D:2      | 1730 ||| IDENTIFYING fuming amethyst potion
  1731 | D:2      | 1731 ||| DROPPING potion of ambrosia.
  1732 | D:2      | 1732 ||| DROPPING potion of berserk rage.
  1945 | D:3      | Found Zin's Purification Station.
  1948 | D:3      | Found a glowing silver altar of Zin.
  1953 | D:3      | 1953 ||| BUYING potion of curing (90 gold).
  1953 | D:3      | Bought a potion of curing for 90 gold pieces
  2015 | D:3      | 2015 ||| Stepping ~*~*~tactically~*~*~ (stealth).
  2077 | D:3      | Found a sacrificial altar of Ru.
  2082 | D:3      | Found a burning altar of Makhleb.
  2084 | D:3      | Found a sparkling altar of Nemelex Xobeh.
  2089 | D:3      | Found a hide-covered altar of Uskayaw.
  2095 | D:3      | Found an opulent altar of Gozag.
  2130 | D:3      | Found a shimmering blue altar of Sif Muna.
  2193 | D:3      | 2193 ||| Stepping ~*~*~tactically~*~*~ (hiding).
  2362 | D:3      | Reached XP level 5. HP: 32/32 MP: 5/5
  2416 | D:3      | 2416 ||| UPGRADING to +3 ring mail.
  2426 | D:3      | 2426 ||| DROPPING +0 scale mail.
  2427 | D:3      | 2427 ||| UPGRADING to +0 chain mail.
  2437 | D:3      | 2437 ||| DROPPING +3 ring mail.
  2438 | D:3      | 2438 ||| READING scroll labelled MIZOHO DOMERU.
  2439 | D:3      | 2439 ||| READING scroll labelled ROMOS UPEE.
  2440 | D:3      | 2440 ||| READING scroll labelled FEANEX WAXAO.
  2441 | D:3      | 2441 ||| READING 4 scrolls of identify.
  2441 | D:3      | 2441 ||| IDENTIFYING pink potion
  2442 | D:3      | 2442 ||| READING 3 scrolls of identify.
  2442 | D:3      | 2442 ||| IDENTIFYING sedimented brown potion
  2443 | D:3      | 2443 ||| READING 2 scrolls of identify.
  2443 | D:3      | 2443 ||| IDENTIFYING dark potion
  2444 | D:3      | 2444 ||| DROPPING potion of magic.
  2483 | D:4      | 2483 ||| Stepping ~*~*~tactically~*~*~ (stealth).
  2484 | D:4      | 2484 ||| Stepping ~*~*~tactically~*~*~ (stealth).
  2486 | D:4      | 2486 ||| Stepping ~*~*~tactically~*~*~ (stealth).
  2489 | D:4      | 2489 ||| Stepping ~*~*~tactically~*~*~ (stealth).
  2686 | D:4      | Found a staircase to the Ecumenical Temple.
  2687 | D:4      | 2687 ||| PLANNING TEMPLE
  2687 | D:4      | 2687 ||| UPGRADING to +3 chain mail.
  2697 | D:4      | 2697 ||| DROPPING +0 chain mail.
  2705 | Temple   | Entered the Ecumenical Temple
  2827 | Temple   | 2827 ||| PLANNING D:1-11
  2864 | D:4      | 2864 ||| Stepping ~*~*~tactically~*~*~ (stealth).
  2869 | D:4      | Reached skill level 5 in Axes
  2930 | D:4      | Found Bulely's Jewellery Shoppe.
  2949 | D:4      | 2949 ||| SHOPLISTING ring "Hefyont" {Fire Str+4 Int+4} (585
                  | gold, have 85).
  2949 | D:4      | 2949 ||| SHOPLISTING ring "Salen" {Will+ Int+6} (583 gold,
                  | have 85).
  2949 | D:4      | 2949 ||| SHOPLISTING ring of Day {rElec rPois rF+ rC+} (602
                  | gold, have 85).
  2949 | D:4      | 2949 ||| SHOPLISTING ring of positive energy (240 gold,
                  | have 85).
  3018 | D:4      | Reached XP level 6. HP: 36/38 MP: 6/6
  3248 | D:4      | 3248 ||| READING 2 scrolls of identify.
  3248 | D:4      | 3248 ||| IDENTIFYING golden potion
  3249 | D:4      | 3249 ||| DROPPING potion of brilliance.
  3271 | D:5      | Entered Level 5 of the Dungeon
  3282 | D:5      | Noticed Grinder
  3283 | D:5      | Paralysed by Grinder for 5 turns
  3298 | D:5      | Killed Grinder
  3299 | D:5      | Reached skill level 6 in Axes
  3299 | D:5      | Reached XP level 7. HP: 43/43 MP: 7/7
  3310 | D:5      | 3310 ||| Stepping ~*~*~tactically~*~*~ (hiding).
  3404 | D:5      | Reached skill level 1 in Dodging
  3429 | D:5      | Noticed Duvessa
  3429 | D:5      | Noticed Dowan
  3438 | D:5      | Killed Duvessa
  3439 | D:5      | Reached skill level 7 in Axes
  3446 | D:5      | Killed Dowan
  3476 | D:5      | Reached XP level 8. HP: 47/49 MP: 8/8
  3572 | D:5      | 3572 ||| FLEEEEING.
  3573 | D:5      | 3573 ||| FLEEEEING.
  3574 | D:5      | 3574 ||| FLEEEEING.
  3575 | D:5      | 3575 ||| FLEEEEING.
  3576 | D:5      | 3576 ||| FLEEEEING.
  3577 | D:5      | 3577 ||| FLEEEEING.
  3578 | D:5      | 3578 ||| FLEEEEING.
  3579 | D:5      | 3579 ||| FLEEEEING.
  3580 | D:5      | 3580 ||| FLEEEEING.
  3581 | D:5      | 3581 ||| FLEEEEING.
  3582 | D:5      | 3582 ||| FLEEEEING.
  3583 | D:5      | 3583 ||| FLEEEEING.
  3584 | D:5      | 3584 ||| FLEEEEING.
  3585 | D:5      | 3585 ||| FLEEEEING.
  3586 | D:5      | 3586 ||| FLEEEEING.
  3587 | D:5      | 3587 ||| FLEEEEING.
  3588 | D:5      | 3588 ||| FLEEEEING.
  3589 | D:5      | 3589 ||| FLEEEEING.
  3590 | D:5      | 3590 ||| FLEEEEING.
  3591 | D:5      | 3591 ||| FLEEEEING.
  3592 | D:5      | 3592 ||| FLEEEEING.
  3593 | D:5      | 3593 ||| FLEEEEING.
  3594 | D:5      | 3594 ||| FLEEEEING.
  3595 | D:5      | 3595 ||| FLEEEEING.
  3682 | D:5      | Reached skill level 1 in Throwing
  3808 | D:5      | 3808 ||| READING scroll labelled NAIMALL TUKUNG.
  3809 | D:5      | 3809 ||| READING 2 scrolls labelled BOMEET YSMOWUN.
  3810 | D:5      | 3810 ||| DROPPING scroll of fear.
  3890 | D:6      | 3890 ||| READING scroll of enchant weapon.
  3890 | D:6      | 3890 ||| ENCHANTING +1 war axe of flaming.
  3938 | D:6      | Reached skill level 8 in Axes
  4094 | D:6      | Reached skill level 6 in Fighting
  4166 | D:6      | Found a snail-covered altar of Cheibriados.
  4277 | D:6      | Identified the +1 pair of boots "Veif" {rF+ rN+ Str+4}
  4431 | D:6      | 4431 ||| UPGRADING to +0 pair of boots.
  4436 | D:6      | 4436 ||| UPGRADING to +1 pair of boots "Veif" {rF+ rN+
                  | Str+4}.
  4446 | D:6      | 4446 ||| DROPPING +0 pair of boots.
  4447 | D:6      | 4447 ||| DROPPING ring of magical power.
  4448 | D:6      | 4448 ||| READING scroll labelled PETUYQYFON.
  4449 | D:6      | 4449 ||| READING 2 scrolls of identify.
  4449 | D:6      | 4449 ||| IDENTIFYING sapphire potion
  4450 | D:6      | 4450 ||| DROPPING potion of degeneration.
  4591 | D:7      | Reached skill level 9 in Axes
  4591 | D:7      | Reached XP level 9. HP: 55/55 MP: 9/9
  5033 | D:8      | 5033 ||| Stepping ~*~*~tactically~*~*~ (stealth).
  5037 | D:8      | 5037 ||| Stepping ~*~*~tactically~*~*~ (stealth).
  5055 | D:8      | Noticed a hornet
  5065 | D:8      | Killed a hornet
  5213 | D:8      | 5213 ||| Stepping ~*~*~tactically~*~*~ (stealth).
  5231 | D:8      | Reached skill level 10 in Axes
  5673 | D:8      | Found a shadowy altar of Dithmenos.
  5750 | D:8      | Found a bloodstained altar of Trog.
  5863 | D:9      | Reached XP level 10. HP: 63/63 MP: 10/10
  5868 | D:9      | 5868 ||| Stepping ~*~*~tactically~*~*~ (stealth).
  5869 | D:9      | 5869 ||| Stepping ~*~*~tactically~*~*~ (stealth).
  5871 | D:9      | 5871 ||| Stepping ~*~*~tactically~*~*~ (hiding).
  6080 | D:9      | 6080 ||| Stepping ~*~*~tactically~*~*~ (stealth).
  6141 | D:9      | 6141 ||| Stepping ~*~*~tactically~*~*~ (hiding).
  6267 | D:9      | 6267 ||| Stepping ~*~*~tactically~*~*~ (hiding).
  6475 | D:9      | Found an iron altar of Okawaru.
  6476 | D:9      | 6476 ||| PLANNING OKAWARU WORSHIP
  6476 | D:9      | 6476 ||| READING 6 scrolls of identify.
  6476 | D:9      | 6476 ||| IDENTIFYING green potion
  6477 | D:9      | 6477 ||| DROPPING potion of flight.
  6500 | D:9      | Became a worshipper of Warmaster Okawaru
  6501 | D:9      | 6501 ||| PLANNING D:1-11
  6501 | D:9      | 6501 ||| Stepping ~*~*~tactically~*~*~ (hiding).
  6503 | D:9      | 6503 ||| Stepping ~*~*~tactically~*~*~ (hiding).
  6504 | D:9      | 6504 ||| Stepping ~*~*~tactically~*~*~ (hiding).
  6681 | D:9      | Reached skill level 11 in Axes
  6993 | D:9      | Reached * piety under Okawaru
  6994 | D:9      | 6994 ||| INVOKING Heroism.
  6999 | D:9      | Reached skill level 1 in Invocations
  7002 | D:9      | Reached skill level 9 in Fighting
  7357 | D:9      | 7357 ||| UPGRADING to amulet of regeneration.
  7362 | D:9      | 7362 ||| READING 5 scrolls of identify.
  7362 | D:9      | 7362 ||| IDENTIFYING fizzy black potion
  7363 | D:9      | 7363 ||| READING 4 scrolls of identify.
  7363 | D:9      | 7363 ||| IDENTIFYING brown potion
  7364 | D:9      | 7364 ||| DROPPING potion of invisibility.
  7386 | D:10     | Entered Level 10 of the Dungeon
  7390 | D:10     | 7390 ||| INVOKING Heroism.
  7463 | D:10     | 7463 ||| Stepping ~*~*~tactically~*~*~ (stealth).
  7465 | D:10     | 7465 ||| Stepping ~*~*~tactically~*~*~ (stealth).
  7466 | D:10     | 7466 ||| Stepping ~*~*~tactically~*~*~ (stealth).
  7467 | D:10     | 7467 ||| INVOKING Heroism.
  7475 | D:10     | Reached skill level 6 in Armour
  7475 | D:10     | Reached skill level 3 in Invocations
  7477 | D:10     | Reached ** piety under Okawaru
  7482 | D:10     | Reached XP level 11. HP: 71/71 MP: 10/14
  7833 | D:10     | Found a staircase to the Orcish Mines.
  7884 | D:10     | 7884 ||| Stepping ~*~*~tactically~*~*~ (hiding).
  7894 | D:10     | 7894 ||| INVOKING Heroism.
  7900 | D:10     | 7900 ||| Stepping ~*~*~tactically~*~*~ (hiding).
  7915 | D:10     | Found a staircase to the Lair.
  7979 | D:10     | 7979 ||| INVOKING Heroism.
  8100 | D:10     | 8100 ||| PLANNING LAIR
  8100 | D:10     | 8100 ||| UPGRADING to +0 plate armour.
  8110 | D:10     | 8110 ||| DROPPING +3 chain mail.
  8111 | D:10     | 8111 ||| UPGRADING to ring of protection from fire.
  8112 | D:10     | 8112 ||| READING scroll labelled XADGHU BONLOTIN.
  8255 | Lair:1   | Entered Level 1 of the Lair of Beasts
  8426 | Lair:1   | You fall into a shaft and drop 1 floor!
  8427 | Lair:2   | 8427 ||| INVOKING Heroism.
  8453 | Lair:2   | 8453 ||| INVOKING Heroism.
  8468 | Lair:2   | 8468 ||| INVOKING Heroism.
  8489 | Lair:2   | HP: 14/71 [molten gargoyle/bolt of magma (10)]
  8490 | Lair:2   | 8490 ||| READING 7 scrolls of teleportation.
  8491 | Lair:2   | Killed from afar by a molten gargoyle

Levels and vault maps discovered:
D:1:      dpeg_arrival_three_bigger_balls, layout_basic,
          shapermc_ecumenical_altar_hornbeckon
D:2:      layout_rooms, basic_altar, minmay_pentomino_u4
D:3:      minmay_diamond_boxcup, layout_rooms,
          nicolae_overflow_hallway_of_the_gods, zin_purify,
          mainiacjoe_overflow_alcove_1, minmay_cupped
D:4:      layout_gridville, minmay_temple_entry_statues_pillars, serial_shops,
          shop
D:5:      layout_basic, uniq_duvessa, uniq_grinder
D:6:      layout_basic, kennysheep_slug_shrine
D:7:      layout_basic
D:8:      layout_gridville, trog_hazing_becter,
          grunt_dithmenos_smoke_and_mirrors
D:9:      minmay_thinvault, layout_loops_corners, okawaru_trees_1
D:10:     layout_loops_cross, erik_lair_orcish_takeover, orc_0_dummy
Temple:   jpeg_temple_clearing
Lair:1:   layout_cave_pods, serial_bayou_shore_b, uniq_urug
Lair:2:   layout_gridlike

Skill      XL: |  1  2  3  4  5  6  7  8  9 10 11 |
---------------+----------------------------------+-----
Axes           | 2 3 4 5 6 7 9 10 11 | 11.9
Fighting       | 4 5 6 7 9 |  9.0
Dodging        | 1 2 |  2.0
Throwing       | 1 2 |  2.4
Armour         | 5 6 7 |  7.0
Shields        | 4 5 |  5.0
Invocations    | 4 |  4.0

Action                   |  1- 3 |  4- 6 |  7- 9 | 10-12 || total
-------------------------+-------+-------+-------+-------++-------
Melee: War axe           |   129 |   129 |   158 |   200 ||   616
Throw: Boomerang         |    13 |    55 |    60 |    28 ||   156
Invok: Heroism           |       |       |       |     8 ||     8
  Use: Scroll            |     4 |    11 |     5 |     5 ||    25
       Potion            |       |     3 |       |       ||     3
Armor: Scale mail        |    65 |    29 |       |       ||    94
       Chain mail        |       |    27 |    94 |   115 ||   236
       Plate armour      |       |       |       |    11 ||    11
Dodge: Dodged            |    48 |    53 |    51 |    63 ||   215
Block: Buckler           |    25 |    28 |    23 |    32 ||   108

Table legend:
 A = Non-vault XP
 B = Vault XP
 C = Vault XP percentage of total XP
 D = Non-vault monster count
 E = Vault monster count
 F = Vault count percentage of total count
                 A         B        C        D         E       F
            +---------+---------+-------+---------+---------+-------
      Total |    9009 |    3088 |  25.5 |     183 |      49 |  21.1
            +---------+---------+-------+---------+---------+-------
        D:1 |      46 |       0 |   0.0 |      26 |       0 |   0.0
        D:2 |      53 |       6 |  10.2 |      18 |       3 |  14.3
        D:3 |      37 |      33 |  47.1 |      17 |      11 |  39.3
        D:4 |     253 |       0 |   0.0 |      31 |       0 |   0.0
        D:5 |     431 |     497 |  53.6 |      13 |       3 |  18.8
        D:6 |     867 |       4 |   0.5 |      11 |       1 |   8.3
        D:7 |    1005 |       0 |   0.0 |       9 |       0 |   0.0
        D:8 |    1314 |      10 |   0.8 |      12 |       6 |  33.3
        D:9 |    1617 |    1902 |  54.0 |      25 |      16 |  39.0
       D:10 |    1839 |     636 |  25.7 |      15 |       9 |  37.5
     Lair:1 |     159 |       0 |   0.0 |       1 |       0 |   0.0
     Lair:2 |    1388 |       0 |   0.0 |       5 |       0 |   0.0
            +---------+---------+-------+---------+---------+-------
